 Dungeon Crawl Stone Soup version 0.27-a0-1149-g4505690ab0 (webtiles) character file.

Game seed: 12270172916311111530

20 dkvnfld the Digger (level 2, -3/15 HPs)
             Began as a Gargoyle Earth Elementalist on May 13, 2021.
             Slain by a gnoll
             ... wielding a +0 halberd
              (9 damage)
             ... on level 2 of the Dungeon.
             The game lasted 00:02:14 (1255 turns).

dkvnfld the Digger (Gargoyle Earth Elementalist)    Turns: 1255, Time: 00:02:14

Health: -3/15      AC:  4    Str: 11    XL:     2   Next: 79%
Magic:  2/5        EV: 11    Int: 15    God:
Gold:   60         SH:  0    Dex: 10    Spells: 5/6 levels left

rFire    . . .     SeeInvis .   g - +3 dagger (freeze)
rCold    . . .     Faith    .   (no shield)
rNeg     + . .     Spirit   .   c - +0 robe
rPois    ∞         Reflect  .   (no helmet)
rElec    +         Harm     .   (no cloak)
rCorr    .         Rampage  .   (no gloves)
Will     .....                  (no boots)
Stlth    ++........             (no amulet)
HPRegen  0.05/turn              (no ring)
MPRegen  0.09/turn              (no ring)

@: weak-willed
A: sickness immunity, AC +2, negative energy resistance 1, electricity
resistance, torment resistance 1, petrification resistance
a: no special abilities


You were on level 2 of the Dungeon.
You visited 1 branch of the dungeon, and saw 2 of its levels.

You collected 60 gold pieces.

Inventory:

Hand Weapons
 a - a +0 club
 g - a +3 dagger of freezing (weapon)
Missiles
 b - 55 stones
Armour
 c - a +0 robe (worn)
Scrolls
 d - 4 scrolls of identify
 e - 3 scrolls of noise


   Skills:
 - Level 1.5 Dodging
 - Level 2.1 Stealth
 + Level 2.5 Spellcasting
 - Level 0.7 Transmutations
 + Level 4.2 Earth Magic


You had 5 spell levels left.
You knew the following spells:

 Your Spells              Type           Power      Damage    Failure   Level
a - Sandblast             Erth           28%        2d8       3%          1

Your spell library contained the following spells:

 Spells                   Type           Power      Damage    Failure   Level
 Passwall                 Tmut/Erth      7%         N/A       12%         2
 Stone Arrow              Conj/Erth      16%        3d8       26%         3
 Petrify                  Tmut/Erth      9%         N/A       58%         4
 Lee's Rapid Deconstruct  Erth           7%         3d7*      69%         5


Dungeon Overview and Level Annotations

Branches:
Dungeon (2/15)

Altars:

Shops:
D:1 (


Innate Abilities, Weirdness & Mutations

You are immune to sickness and miasma.
Your stone body is resilient. (AC +2)
You are immune to poison.
You resist negative energy. (rN+)
You are resistant to electric shocks. (rElec)
You are resistant to unholy torment.
You are immune to petrification.


Message History

The blast of sand hits the gnoll.
The gnoll is lightly wounded.
Unknown command.
Casting: Sandblast (safe; 3% risk of failure)
Confirm with . or Enter, or press ? or * to list all spells.
Aiming: Sandblast (safe; 3% risk of failure)
Press: ? - help, Shift-Dir - straight line, f/p - gnoll
Aim: a gnoll, wielding a +0 spear (lightly wounded, 82% to hit)
The blast of sand hits the gnoll.
The gnoll is heavily wounded.
The gnoll barely misses you.
Unknown command.
As you read the scroll labelled TAHU FUTHRU, it crumbles to dust.
It is a scroll of identify.
e - 3 scrolls of noise Drop what? 8/52 slots (_ for help) (? for menu, Esc to quit)
Okay, then.
Unknown command.
As you read the scroll labelled ZEN GAGIMM, it crumbles to dust.
It is a scroll of enchant weapon.
Your +2 dagger of freezing glows red for a moment.
Casting: Sandblast (safe; 3% risk of failure)
Confirm with . or Enter, or press ? or * to list all spells.
Aiming: Sandblast (safe; 3% risk of failure)
Press: ? - help, Shift-Dir - straight line, f/p - gnoll
Aim: a gnoll, wielding a +0 spear (heavily wounded, 82% to hit)
The blast of sand misses the gnoll.
The blast of sand hits the gnoll but does no damage.
The gnoll is heavily wounded.
The gnoll hits you from afar with a +0 halberd.
* * * LOW HITPOINT WARNING * * *
As you read the scroll labelled SOUWAPL HOISAPN, it crumbles to dust.
Magic quickly surges around you.
It was a scroll of vulnerability.
The gnoll barely misses you.
You see here 10 gold pieces.
Unknown command.
You open the door.
The gnoll hits you from afar with a +0 halberd!
Ouch! That really hurt!
You die...

....................#
....................#
.....#..............#
.....#..............#
.....#..........>...#
.....######.........#
.... #.........
######'### #@# #.#
#g# #g# #.# #g#
################.#
...........g.g...#
##################


You could see 3 gnolls.

Vanquished Creatures
  A worm (D:2)
  2 ball pythons
  2 endoplasms (D:1)
  A giant cockroach (D:2)
  A goblin (D:1)
  2 hobgoblins
  A kobold (D:1)
  4 bats
  A frilled lizard (D:1)
  A rat (D:2)
16 creatures vanquished.

Notes
Turn   | Place    | Note
-------+----------+-------------------------------------------
     0 | D:1      | dkvnfld the Gargoyle Earth Elementalist began the quest for
                  | the Orb.
     0 | D:1      | Reached XP level 1. HP: 10/10 MP: 3/3
   207 | D:1      | Found a faded altar of an unknown god.
   265 | D:1      | Found Hoepn's Antique Weapon Emporium.
   463 | D:1      | Reached XP level 2. HP: 15/15 MP: 3/5
   499 | D:1      | Reached skill level 4 in Earth Magic
   672 | D:1      | You fall into a shaft and drop 1 floor!
  1255 | D:2      | Slain by a gnoll

Illustrated notes

Levels and vault maps discovered:
D:1:      dpeg_arrival_three_smaller_balls, layout_basic,
          shapermc_ecumenical_altar_venn, serial_shops, shop
D:2:      layout_basic, minmay_split_cup_small

Skill      XL: |  1  2 |
---------------+-------+-----
Earth Magic    | 4 |  4.2
Dodging        | |  1.5
Stealth        | |  2.1
Spellcasting   | |  2.5
Transmutations | |  0.7

Action                   || total
-------------------------++-------
Melee: Club              ||     8
       Dagger            ||    24
 Cast: Sandblast         ||    14
  Use: Scroll            ||     3
 Stab: Sleeping          ||     2
Armor: Robe              ||     8
Dodge: Dodged            ||    27

Table legend: (Time is in decaauts)
 A = Elapsed time spent in this place.
 B = Non-inter-level travel time spent in this place.
 C = Inter-level travel time spent in this place.
 D = Time resting spent in this place.
 E = Time spent auto-exploring this place.
 F = Levels seen in this place.
 G = Mean time per level.
                   A        B        C        D        E       F      G
               +--------+--------+--------+--------+--------+-----+--------+
         Total |   1257 |   1213 |     44 |     40 |    966 |   2 |  628.5 |
       Dungeon |   1257 |   1213 |     44 |     40 |    966 |   2 |  628.5 |
               +--------+--------+--------+--------+--------+-----+--------+

Top non-repeatable levels by time:
     D:1: 982 daAuts
     D:2: 274 daAuts
